 Dungeon Crawl Stone Soup version 0.28-a0-512-g960c72b710 (webtiles) character file.

Game seed: 131617174277490941

193 Lekart the Thaumaturge (level 5, -1/42 (46) HPs)
             Began as a Draconian Chaos Knight on Sept 22, 2021.
             Was a Plaything of Xom.
             Slain by a wight (5 damage)
             ... on level 4 of the Dungeon.
             The game lasted 00:06:38 (2917 turns).

Lekart the Thaumaturge (Draconian Chaos Knight)     Turns: 2917, Time: 00:06:38

HP:   -1/42 (46)    AC:  5    Str: 14 (15) XL:     5   Next: 43%
MP:   16/16         EV: 12    Int: 11 (12) God:    Xom [.*....]
Gold: 64            SH:  0    Dex: 11      Spells: 22/22 levels left

rFire   . . .      SeeInvis .   a - +0 falchion (chaos)
rCold   . . .      Faith    .   (no shield)
rNeg    . . .      Spirit   .   (armour unavailable)
rPois   .          Reflect  .   (helmet restricted)
rElec   .          Harm     .   (no cloak)
rCorr   .          Rampage  .   (no gloves)
Will    .....                   (no boots)
Stlth   +.........              (no amulet)
HPRegen 0.14/turn               (no ring)
MPRegen 0.15/turn               (no ring)

@: drained
A: AC +5, unfitting armour, cold-blooded, deterioration 1
a: Renounce Religion


You were on level 4 of the Dungeon.
You worshipped Xom.
You were a plaything of Xom.
You visited 2 branches of the dungeon, and saw 6 of its levels.

You collected 64 gold pieces.

Inventory:

Hand Weapons
 a - a +0 falchion of chaos (weapon)


   Skills:
 + Level 3.9 Fighting
 + Level 4.0 Long Blades
 + Level 1.3 Throwing
 + Level 2.6 Dodging
 + Level 9.4 Spellcasting


You had 22 spell levels left.
You didn't know any spells.
Your spell library contained the following spells:

 Spells                   Type           Power      Damage    Failure   Level
 Magic Dart               Conj           20%        1d4       14%         1
 Searing Ray              Conj           10%        2d4       21%         2
 Fulminant Prism          Conj/Hex       2%         3d6       80%         4


Dungeon Overview and Level Annotations

Branches:
Dungeon (5/15)             Temple (1/1) D:4

Altars:
Cheibriados
Dithmenos
Elyvilon
Gozag
Okawaru
Qazlal
Ru
Trog
Uskayaw
Xom
Zin
The Shining One

Annotations:
D:3 Jessica, Natasha, Sigmund
D:4 exclusion: downstairs


Innate Abilities, Weirdness & Mutations

Your plain brown scales are hard. (AC +5)
You cannot fit into any form of body armour.
You are cold-blooded and may be slowed by cold attacks.
Your body sometimes deteriorates upon taking damage.


Message History

You climb upwards.
There is a stone staircase leading down here.
Press: ? - help, v - describe, . - travel A stone staircase leading down.
Placed new exclusion.
Reduced exclusion size to a single square.
You start resting.
HP restored.
(D) Dungeon (T) Temple
Where to? (Enter - D:3, ? - help)
There is a stone staircase leading up here.
You climb upwards.
You hear the sound of rushing water.
There is an entrance to a sewer on this level.
Hurry and find it before the portal rusts away!
The walls and floor vibrate strangely for a moment.
Level annotation: Jessica, Natasha, Sigmund The wight hits you with a +3 mace.
There is a stone staircase leading down here.
The wight hits you with a +3 mace.
Sigmund hits you from afar with a +0 scythe.
Your body deteriorates!
You feel dopey.
Jessica casts a spell.
Jessica blinks!
You climb downwards.
Level annotation: exclusion: downstairs
There is a stone staircase leading up here.
You closely miss the wight. The wight hits you with a +3 mace.
You hit the wight but do no damage.
You tail-slap the wight, but do no damage.
The wight barely misses you.
You barely miss the wight. The wight hits you with a +3 mace!
You feel drained.
You are too injured to fight recklessly!
You are too injured to fight recklessly!
You are too injured to fight recklessly!
You closely miss the wight. The wight hits you with a +3 mace!
* * * LOW HITPOINT WARNING * * *
A shower of butterflies erupts from you!
You feel drained.
You die...
Xom snickers!

##....#..###)).## ##......#
#.<..# ###...## ##...# ##..#
#...## ##.# ##...# #.# #...## #.#
#.b..# ***** #.#
##z..########.,,** ##### #.###
#@.b.#.......,,,** #...#
#...######b..........,,,,* ....#
##.........b..........,,,,,
....###.###...#.............,,,,,
...##...##......#...........,,,,,
.......###......#...........,,,,,
...###.##.....#.#.#.........,,,,,
..## #.#..[....###.........>,,,,,
..# #......#...#...#.......,,,,,


You could see a wight (ally target).

Vanquished Creatures
  A scorpion (D:4)
  An adder (D:4)
  A worm (D:2)
  3 dart slugs
  3 orcs (D:4)
  2 ball pythons
  2 endoplasms (D:1)
  2 giant cockroaches
  2 goblins
  7 hobgoblins
  6 jackals
  A quokka (D:1)
  7 bats
  9 frilled lizards
  4 kobolds
  5 rats
56 creatures vanquished.

Vanquished Creatures (others)
  A ball python (D:4)
1 creature vanquished.

Grand Total: 57 creatures vanquished

Notes
Turn   | Place    | Note
-------+----------+-------------------------------------------
     0 | D:1      | Lekart the Draconian Chaos Knight began the quest for the
                  | Orb.
     0 | D:1      | Reached XP level 1. HP: 19/19 MP: 1/1
    38 | D:1      | XOM: silly message
    87 | D:1      | XOM: silly message
   147 | D:1      | Reached XP level 2. HP: 26/26 MP: 2/2
   208 | D:1      | XOM: divination: detect creatures
   340 | D:1      | Found a faded altar of an unknown god.
   449 | D:1      | Reached XP level 3. HP: 31/33 MP: 3/3
   905 | D:2      | Reached skill level 1 in Throwing
   972 | D:2      | XOM: noise
  1254 | D:2      | XOM: cloud trail
  1395 | D:2      | XOM: noise
  1627 | D:3      | XOM: potion effect (experience)
  1627 | D:3      | Reached skill level 9 in Spellcasting
  1627 | D:3      | Reached XP level 4. HP: 29/40 MP: 3/15
  1636 | D:3      | Noticed Jessica
  1638 | D:3      | Noticed Natasha
  1641 | D:3      | Noticed Sigmund
  1986 | D:4      | XOM: silly message
  1994 | D:4      | Found a staircase to the Ecumenical Temple.
  1997 | D:4      | Noticed a scorpion
  2020 | D:4      | Killed a scorpion
  2021 | D:4      | Reached XP level 5. HP: 30/46 MP: 16/16
  2128 | Temple   | Entered the Ecumenical Temple
  2188 | Temple   | XOM: 4-stop teleportation journey
  2252 | Temple   | XOM: give mutation
  2252 | Temple   | Gained mutation: Your body sometimes deteriorates upon
                  | taking damage. [Xom's mischief]
  2274 | Temple   | XOM: cloud trail
  2284 | D:4      | XOM: 2-stop teleportation journey
  2478 | D:4      | XOM: god gift: 10 gold pieces
  2659 | D:4      | XOM: scenery: create altars
  2675 | D:5      | Entered Level 5 of the Dungeon
  2697 | D:5      | Noticed a glowing shapeshifter
  2697 | D:5      | a quokka changed into a glowing shapeshifter
  2697 | D:5      | Noticed a glowing orange brain
  2697 | D:5      | a glowing shapeshifter changed into a glowing orange brain
  2699 | D:5      | Noticed a torpor snail
  2699 | D:5      | a glowing orange brain changed into a torpor snail
  2700 | D:5      | Noticed a two-headed ogre
  2704 | D:5      | XOM: enchant monster (good)
  2917 | D:4      | XOM: butterfly on damage
  2917 | D:4      | Slain by a wight

Illustrated notes

Levels and vault maps discovered:
D:1:      lightli_arrival_noodles, layout_rooms,
          shapermc_ecumenical_altar_starsandcircs, kennysheep_minor_cross,
          minmay_heptomino_d4
D:2:      layout_basic, minivault_11, minivault_26, minmay_lizard_pond
D:3:      layout_rooms, gup_sewer_entry_spiral, chequers_serial_rivers_small_3,
          minmay_diced_spiral, uniq_natasha, uniq_robin, uniq_sigmund,
          uniq_jessica
D:4:      layout_cave_pods, nicolae_hepliaklqana_hazy_memory,
          minmay_temple_entry_arrows, kennysheep_generic_room_12, uniq_grinder
D:5:      layout_loops_corners, makhleb_heckhound_becter, minmay_misc_feat_tiny
Temple:   hc_temple_tempest_star

Skill      XL: |  1  2  3  4 |
---------------+-------------+-----
Throwing       | 1 |  1.3
Spellcasting   | 9 |  9.4
Long Blades    | 4 |  4.0
Fighting       | |  3.9
Dodging        | |  2.6

Action                   |  1- 3 |  4- 6 || total
-------------------------+-------+-------++-------
Melee: Falchion          |    98 |    53 ||   151
       Tailslap          |    10 |     6 ||    16
Throw: Boomerang         |    33 |       ||    33
  Use: Scroll            |     1 |     4 ||     5
       Potion            |       |     3 ||     3
 Stab: Sleeping          |     2 |       ||     2
       Paralysed         |     1 |       ||     1
Armor: Skin              |    32 |    22 ||    54
Dodge: Dodged            |    67 |    49 ||   116

Table legend: (Time is in decaauts)
 A = Elapsed time spent in this place.
 B = Non-inter-level travel time spent in this place.
 C = Inter-level travel time spent in this place.
 D = Time resting spent in this place.
 E = Time spent auto-exploring this place.
 F = Levels seen in this place.
 G = Mean time per level.
                   A        B        C        D        E       F      G
               +--------+--------+--------+--------+--------+-----+--------+
         Total |   2945 |   2885 |     60 |    840 |   1362 |   6 |  490.8 |
       Dungeon |   2798 |   2738 |     60 |    840 |   1311 |   5 |  559.6 |
        Temple |    146 |    146 |      0 |      0 |     51 |   1 |  146.0 |
               +--------+--------+--------+--------+--------+-----+--------+

Top non-repeatable levels by time:
     D:4: 1087 daAuts
     D:2: 929 daAuts
     D:1: 654 daAuts
  Temple: 146 daAuts
     D:3: 88 daAuts
     D:5: 39 daAuts
